 Dungeon Crawl Stone Soup version 0.26.0-16-gc1dbca0489 (webtiles) character file.

Game seed: 2604075661021313657

19 EnegeticOcto the Insei (level 2, 0/23 HPs)
             Began as a Gnoll Transmuter on Jan 18, 2021.
             Slain by a centaur skeleton (6 damage)
             ... on level 4 of the Dungeon.
             The game lasted 00:01:01 (213 turns).

EnegeticOcto the Insei (Gnoll Transmuter)            Turns: 213, Time: 00:01:02

Health: 0/23       AC:  2    Str: 12    XL:     2   Next: 75%
Magic:  6/7        EV: 14    Int: 15    God:
Gold:   24         SH:  0    Dex: 15    Spells: 9/10 levels left

rFire    . . .     SeeInvis .     - Unarmed
rCold    . . .     Faith    .   (no shield)
rNeg     . . .     Spirit   .   a - +0 robe
rPois    .         Reflect  .   (helmet currently unavailable)
rElec    .         Harm     .   d - scarf {+Inv}
rCorr    .         Rampage  .   (no gloves)
Will     .....                  (boots currently unavailable)
Stlth    ++........             (no amulet)
HPRegen  0.07/turn              (no ring)
MPRegen  0.10/turn              (no ring)

@: appendages
A: distributed training, fangs 1, horns 2, talons 2, strong nose
a: End Transformation, Evoke Invisibility


You were on level 4 of the Dungeon.
You had grown temporary horns.
You had grown temporary talons.
You visited 1 branch of the dungeon, and saw 4 of its levels.

You collected 24 gold pieces.

Inventory:

Armour
 a - a +0 robe (worn)
 d - a scarf of invisibility (worn)
   (You found it on level 3 of the Dungeon)
Scrolls
 c - a scroll of remove curse {unknown}
 e - a scroll of enchant weapon {unknown}
 f - a scroll of fog {unknown}
 g - a scroll of identify {unknown}
Potions
 b - 2 potions of might {unknown}


   Skills:
 + Level 2.5 Fighting
 + Level 0.5 Short Blades
 + Level 0.5 Long Blades
 + Level 0.5 Axes
 + Level 0.5 Maces & Flails
 + Level 0.5 Polearms
 + Level 0.5 Staves
 + Level 0.5 Slings
 + Level 0.5 Bows
 + Level 0.5 Crossbows
 + Level 0.5 Throwing
 + Level 0.5 Armour
 + Level 4.5 Dodging
 + Level 0.5 Stealth
 + Level 0.5 Shields
 + Level 6.5 Unarmed Combat
 + Level 4.9 Spellcasting
 + Level 0.3 Conjurations
 + Level 0.3 Hexes
 + Level 0.3 Summonings
 + Level 0.3 Necromancy
 + Level 0.3 Translocations
 + Level 3.7 Transmutations
 + Level 0.3 Fire Magic
 + Level 0.3 Ice Magic
 + Level 0.3 Air Magic
 + Level 0.3 Earth Magic
 + Level 0.3 Poison Magic
 + Level 0.6 Invocations
 + Level 0.5 Evocations


You had 9 spell levels left.
You knew the following spells:

 Your Spells              Type           Power        Failure   Level
a - Beastly Appendage     Tmut           28%          3%          1

Your spell library contained the following spells:

 Spells                   Type           Power        Failure   Level
 Wereblood                Tmut           14%          5%          2
 Spider Form              Tmut/Pois      4%           22%         3
 Ice Form                 Ice/Tmut       9%           56%         4
 Blade Hands              Tmut           7%           69%         5


Dungeon Overview and Level Annotations

Branches:
Dungeon (4/15)
 Temple: D:4-7

Altars:

Annotations:
D:4 Sigmund


Innate Abilities, Weirdness & Mutations

Your experience applies equally to all skills.
You have very sharp teeth.
Your uncanny sense of smell can sniff out nearby items.
You have a pair of horns on your head.
You have razor-sharp toenails.


Message History

You feel sick.
The kobold shouts!
You hear an angry hiss.
The kobold throws a stone.
The stone hits you.
You see here a stone.
A rat comes into view.
The kobold throws a stone.
The stone hits you but does no damage.
You see here a stone.
You feel sick.
The kobold hits you with a +0 short sword.
* * * LOW HITPOINT WARNING * * *
You hit the kobold.
You kill the kobold!
The rat twitches its whiskers.
The rat bites you but does no damage.
You punch the rat!
You kill the rat!
Your horns disappear.
Your talons disappear.
You see here a rat corpse.
You feel sick.
You feel sick.
You are no longer poisoned.
An adder comes into view.
(D) Dungeon
Where to? (Enter - D:2, ? - help)
There is a stone staircase leading down here.
You climb downwards.
Found a glowing scarf.
There is a stone staircase leading up here.
You see here a glowing scarf.
You start putting on your armour.
You continue putting on your glowing scarf. x4
You finish putting on your scarf of invisibility.
You become transparent for a moment.
Found a scroll labelled ZEYNOR MUZEMYGA.
e - a scroll labelled ZEYNOR MUZEMYGA
Found 12 gold pieces.
Found 22 stones.
You now have 24 gold pieces (gained 12).
A goblin comes into view. It is wielding a -1 dagger.
The goblin shouts!
A bat comes into view.
The bat moves out of view.
Casting: Beastly Appendage (safe; 3% risk of failure)
Confirm with . or Enter, or press ? or * to list all spells.
You miscast Beastly Appendage.
You are very lightly contaminated with residual magic.
Nothing appears to happen.
Casting: Beastly Appendage (safe; 3% risk of failure)
Confirm with . or Enter, or press ? or * to list all spells.
You grow a pair of large bovine horns.
Your feet morph into talons.
The goblin misses you.
Found a scroll labelled FEULOEH XURUCH.
You barely miss the goblin. You hit the goblin. You claw the goblin.
You kill the goblin!
Things that are here:
a cursed -1 dagger; a goblin corpse Your magical contamination has completely faded away.
Your transformation is almost over.
f - a scroll labelled FEULOEH XURUCH A bat is nearby!
The bat closely misses you.
Found a stone staircase leading down.
Your horns disappear.
Your talons disappear.
The bat hits you but does no damage.
You are too injured to fight recklessly!
You are too injured to fight recklessly!
You are too injured to fight recklessly!
You are too injured to fight recklessly!
You hit the bat.
You kill the bat!
Found a scroll labelled OKUCISHRE HOMAKEO.
g - a scroll labelled OKUCISHRE HOMAKEO
(D) Dungeon
Where to? (Enter - D:3, ? - help)
There is a stone staircase leading down here.
You climb downwards.
There is a stone staircase leading up here.
Okay, then.
Found 16 stones.
Found a glowing scarf.
Sigmund the Dreaded comes into view.
He is wielding a +0 scythe.
You see here 16 stones.
A centaur skeleton comes into view.
Casting: Beastly Appendage (safe; 3% risk of failure)
Confirm with . or Enter, or press ? or * to list all spells.
You grow a pair of large bovine horns.
Your feet morph into talons.
You hit the centaur skeleton. You claw the centaur skeleton!
The centaur skeleton is heavily damaged.
The centaur skeleton misses you.
You hit the centaur skeleton.
You claw the centaur skeleton, but do no damage.
The centaur skeleton is heavily damaged.
The centaur skeleton hits you.
* * * LOW HITPOINT WARNING * * *
The centaur skeleton misses you.
You hit the centaur skeleton. You claw the centaur skeleton.
The centaur skeleton is severely damaged.
The centaur skeleton hits you.
You die...

###############
#.....@Z...(..#
#<##########..#
#.# ...Z[ #.#
@.#### #.# ...
#.# .### #.# .#
#.# .# #.#


You could see a centaur skeleton.

Vanquished Creatures
  An adder (D:2)
  An ooze (D:2)
  A giant cockroach (D:1)
  A goblin (D:3)
  A bat (D:3)
  A kobold (D:2)
  A rat (D:2)
7 creatures vanquished.

Notes
Turn   | Place    | Note
-------+----------+-------------------------------------------
     0 | D:1      | EnegeticOcto the Gnoll Transmuter began the quest for the
                  | Orb.
     0 | D:1      | Reached XP level 1. HP: 17/17 MP: 6/6
    73 | D:2      | Reached XP level 2. HP: 11/23 MP: 7/7
   202 | D:4      | Noticed Sigmund
   213 | D:4      | Slain by a centaur skeleton

Illustrated notes

Levels and vault maps discovered:
D:1:      erik_arrival_orb_chamber, layout_loops_cross, minmay_split_cup_large
D:2:      layout_loops_ring, uniq_robin
D:3:      layout_basic, led_sif_pool
D:4:      layout_loops_ring, minmay_temple_entry_statues, minivault_23,
          kennysheep_cross_bottleneck, uniq_blork_the_orc, uniq_eustachio,
          uniq_sigmund

Action                   || total
-------------------------++-------
Melee: Unarmed           ||    19
       Kick              ||     4
 Cast: Beastly Appendage ||     3
Armor: Robe              ||     6
Dodge: Dodged            ||    10
